 Dungeon Crawl Stone Soup version 0.17-a0-1534-gf98da79 (webtiles) character file.

84 Lathuz the Cudgeler (level 4, -8/28 HPs)
             Began as a Gargoyle Fighter on July 17, 2015.
             Killed by divine providence
             ... invoked by an orc priest
              (12 damage)
             ... on level 3 of the Dungeon.
             The game lasted 00:06:47 (1878 turns).

Lathuz the Cudgeler (Gargoyle Fighter)              Turns: 1878, Time: 00:06:48

Health: -8/28      AC: 11    Str: 19    XL:     4   Next: 45%
Magic:  4/4        EV:  7    Int:  9    God:
Gold:   87         SH:  9    Dex: 10    Spells: 0 memorised, 3 levels left

rFire  . . .     SeeInvis .     a - +0 flail
rCold  . . .     Clarity  .     b - +0 scale mail
rNeg   + . .     SustAt   .     c - +0 shield
rPois  ∞         Gourm    .     w - +0 helmet
rElec  +         Spirit   .     (no cloak)
rCorr  .         Warding  .     (no gloves)
rMut   .         Stasis   .     (no boots)
MR     .....                    (no amulet)
Stlth  ..........               (no ring)
                                (no ring)

@: not resistant to hostile enchantments, extremely unstealthy
A: negative energy resistance 1, electricity resistance, unbreathing,
petrification resistance, rot immunity, AC +3
a: no special abilities


You were on level 3 of the Dungeon.
You were hungry.

You visited 1 branch of the dungeon, and saw 3 of its levels.

You collected 87 gold pieces.

Inventory:

Hand weapons
 a - a +0 flail (weapon)
Missiles
 r - 146 stones
 A - 6 javelins (quivered)
Armour
 b - a +0 scale mail (worn)
 c - a +0 shield (worn)
 m - a +0 ring mail
 w - a +0 helmet (worn)
Jewellery
 j - an uncursed ring of sustain attributes {unknown}
 x - a cursed ring of loudness {unknown}
 D - a +3 ring of protection {unknown}
Scrolls
 f - 3 scrolls of recharging
 h - a scroll of identify {unknown}
 k - a scroll of immolation {unknown}
 l - a scroll of enchant armour {unknown}
 o - 2 scrolls of teleportation
 u - a scroll of amnesia {unknown}
 y - a scroll of remove curse {unknown}
 B - a scroll of blinking {unknown}
Potions
 d - 3 potions of might
 g - 2 potions of curing {unknown}
 i - a potion of cancellation {unknown}
 n - a potion of brilliance {unknown}
 p - a potion of heal wounds {unknown}
 q - a potion of flight {unknown}
 v - a potion of degeneration {unknown}
 z - a potion of magic {unknown}
Comestibles
 e - a bread ration
 s - 4 fruits
 t - a slice of pizza
 C - a beef jerky


   Skills:
 - Level 3.2 Fighting
 + Level 4.5 Maces & Flails
 - Level 3.2 Armour
 - Level 3.2 Shields


You had 3 spell levels left.
You didn't know any spells.

Dungeon Overview and Level Annotations

Branches:
Dungeon (3/15)

Altars:


Innate Abilities, Weirdness & Mutations

You are resistant to torment.
Your stone body is resilient (AC +3).
You are immune to poison.
You resist negative energy.
You are resistant to electric shocks.
You can survive without breathing.
You are immune to petrification.
You are immune to rotting.


Message History

You barely miss the giant newt. You block the giant newt's attack.
You thump the giant newt!
You kill the giant newt!
You hear some strange, mumbled words.
A puff of flame appears from out of thin air!
The puff of flame hits you!
* * * LOW HITPOINT WARNING * * *
The orc throws a tomahawk.
You block the tomahawk.
You see here a tomahawk.
You hear some strange, mumbled words.
Something tries to affect you, but you resist.
You barely miss the orc priest. You block the orc priest's attack.
You closely miss the orc priest.
You hear some strange, mumbled words.
A puff of flame appears from out of thin air!
The puff of flame hits you!
* * * LOW HITPOINT WARNING * * *
The orc priest calls down the wrath of Beogh upon you.
Something smites you!
You die...

..# ### ..# .. ..
#####'# #
...#.#.###
#.#.....# #.@o# #
#.##....# ####.###
#(#####.###..<....'
#oo.(o....#.#.#.###
###o#.#.#.# #
#.#... # #.##### #
#.. # ### #


You could see an orc priest and an orc.

Vanquished Creatures
  2 adders
  A gnoll (D:1)
  2 oozes
  A worm (D:2)
  A giant gecko (D:1)
  An orc (D:2)
  3 giant cockroaches
  10 goblins
  6 hobgoblins
  2 jackals (D:2)
  2 bats
  A giant newt (D:3)
  5 kobolds
  6 rats
43 creatures vanquished.

Notes
Turn   | Place    | Note
--------------------------------------------------------------
     0 | D:1      | Lathuz the Gargoyle Fighter began the quest for the Orb.
     0 | D:1      | Reached XP level 1. HP: 14/14 MP: 1/1
    76 | D:1      | Reached XP level 2. HP: 19/19 MP: 2/2
   369 | D:1      | Reached XP level 3. HP: 23/23 MP: 3/3
  1114 | D:2      | Reached skill level 4 in Maces & Flails
  1114 | D:2      | Reached XP level 4. HP: 18/28 MP: 4/4
  1878 | D:3      | Killed from afar by an orc priest

Vault maps used:
D:1:      matt_arrival_diagonals
D:3:      lemuel_crystal_altar, serial_bayou_pond_d, uniq_sigmund

Action                   |  1- 3 |  4- 6 || total
-------------------------+-------+-------++-------
Melee: Flail             |   118 |    56 ||   174
Throw: Stone             |     5 |    20 ||    25
  Use: Scroll            |       |     2 ||     2
  Eat: Chunk             |       |     2 ||     2
       Fruit             |       |     1 ||     1
